 Dungeon Crawl Stone Soup version 0.29.1-15-g9cfb28693d (webtiles) character file.

Game seed: 6853010683492909518

8 growler the Insei (level 2, 0/21 HPs)
             Began as a Merfolk Transmuter on Mar 16, 2023.
             Slain by a ball python (2 damage)
             ... on level 1 of the Dungeon.
             The game lasted 00:01:33 (337 turns).

growler the Insei (Merfolk Transmuter)               Turns: 337, Time: 00:01:34

Health: 0/21       AC:  2    Str: 10    XL:     2   Next: 8%
Magic:  4/5        EV: 15    Int: 12    God:
Gold:   32         SH:  0    Dex: 14    Spells: 4/5 levels left

rFire   . . .      SeeInvis .     - Unarmed
rCold   . . .      Faith    .   (no shield)
rNeg    . . .      Spirit   .   a - +0 robe
rPois   .          Reflect  .   (helmet currently unavailable)
rElec   .          Harm     .   (no cloak)
rCorr   .          Rampage  .   (no gloves)
Will    .....                   (boots currently unavailable)
Stlth   ++........              (no amulet)
HPRegen 0.07/turn               (no ring)
MPRegen 0.09/turn               (no ring)

@: appendages, very quick
A: horns 2, nimble swimmer 2, mertail
a: End Transformation


You were on level 1 of the Dungeon.
You had temporarily grown beastly horns.
You visited 1 branch of the dungeon, and saw 1 of its levels.

You collected 32 gold pieces.

Inventory:

Armour
 a - a +0 robe (worn)
Potions
 b - a potion of lignification
 c - 2 potions of degeneration {unknown}


   Skills:
 - Level 1.1 Fighting
 - Level 2.7 Dodging
 + Level 3.5 Unarmed Combat
 + Level 2.2 Spellcasting
 + Level 3.0 Transmutations


You had 4 spell levels left.
You knew the following spells:

 Your Spells              Type           Power      Damage    Failure   Level
a - Beastly Appendage     Tmut           16%        N/A       8%          1

Your spell library contained the following spells:

 Spells                   Type           Power      Damage    Failure   Level
 Wereblood                Tmut           8%         N/A       12%         2
 Spider Form              Tmut/Pois      4%         N/A       41%         3
 Ice Form                 Ice/Tmut       4%         N/A       82%         4


Dungeon Overview and Level Annotations

Branches:
Dungeon (1/15)

Altars:


Innate Abilities, Weirdness & Mutations

You have temporarily grown beastly horns.
You are very nimble when in or above water. (Stealth+, EV+, Speed+++)
Your lower body shifts to a powerful aquatic tail in water.


Message History

The goblin hits you with a +0 club.
You barely miss the ball python. The bat hits you but does no damage.
The ball python bites you. The ball python constricts you.
The bat hits you but does no damage. The goblin completely misses you.
You hit the ball python but do no damage.
The bat hits you but does no damage. The ball python bites you.
The ball python constricts you.
You closely miss the ball python. The bat closely misses you.
The goblin hits you with a +0 club.
* * * LOW HITPOINT WARNING * * *
The ball python closely misses you. The ball python constricts you.
* * * LOW HITPOINT WARNING * * *
You escape the ball python's grasp.
The ball python attacks as you move away!
The ball python closely misses you. The bat barely misses you.
The goblin misses you. The bat misses you. The goblin attacks as you move away!
The goblin misses you. The bat hits you but does no damage.
You see here a scroll labelled YLIESEFESY.
The ball python attacks as you move away!
The ball python closely misses you. The ball python misses you.
The bat hits you but does no damage. The bat attacks as you move away!
The bat hits you but does no damage.
Your legs become a tail as you enter the water.
The bat barely misses you. The ball python bites you.
* * * LOW HITPOINT WARNING * * *
The ball python barely misses you. The bat closely misses you.
The bat attacks as you move away! The bat barely misses you.
The bat attacks as you move away! The bat hits you but does no damage.
The bat barely misses you. The bat misses you.
You hit the bat.
You kill the bat!
The ball python completely misses you. The ball python closely misses you.
Casting: Beastly Appendage (safe; 8% risk of failure)
Confirm with . or Enter, or press ? or * to list all spells.
You grow a pair of large bovine horns.
The ball python bites you.
You die...

....~~~~..†.....(#
#~~~≈≈≈~~~#.######
#≈≈~≈≈≈≈g≈~.#
≈≈≈≈≈≈≈≈≈~.#
##############≈≈≈##
#........#...#†≈≈≈#
#........+._.#≈≈≈≈#
#........#...#S≈≈≈#
#..)....~#####@≈≈≈#
#......~≈≈≈≈≈≈≈≈≈##
##...##≈≈≈≈≈≈≈≈≈≈#
##..###≈~≈≈≈~~~###
###...###.##≈≈~...#
........#.#####.#.#
..........#####.#.#
................#.#
..........#######.#


You could see a goblin and a ball python.

Vanquished Creatures
  2 ball pythons (D:1)
  A giant cockroach (D:1)
  A goblin (D:1)
  A kobold (D:1)
  A bat (D:1)
  A frilled lizard (D:1)
  A rat (D:1)
8 creatures vanquished.

Notes
Turn   | Place    | Note
-------+----------+-------------------------------------------
     0 | D:1      | growler the Merfolk Transmuter began the quest for the Orb.
     0 | D:1      | Reached XP level 1. HP: 15/15 MP: 3/3
   246 | D:1      | Found a faded altar of an unknown god.
   273 | D:1      | Reached XP level 2. HP: 21/21 MP: 5/5
   337 | D:1      | Slain by a ball python

Illustrated notes

Levels and vault maps discovered:
D:1:      mrwooster_arrival_arrow, layout_rooms, nicolae_ecumenical_lake_church

Skill      XL: |  1 |
---------------+----+-----
Transmutations | 3 |  3.0
Fighting       | |  1.1
Dodging        | |  2.7
Unarmed Combat | |  3.5
Spellcasting   | |  2.2

Action                   || total
-------------------------++-------
Melee: Unarmed           ||    25
       Headbutt          ||     1
       Punch             ||     1
 Cast: Beastly Appendage ||     3
Armor: Robe              ||    11
Dodge: Dodged            ||    38
